 Dungeon Crawl Stone Soup version 0.30.0-19-gbf45117a57 (webtiles) character file.

Game seed: 10186014897267927488

9899 qw the Cleaver (level 11, 0/71 HPs)
             Began as a Gargoyle Fighter on May 25, 2023.
             Was an Elder of Okawaru.
             Slain by a six-headed hydra (5 damage)
             ... on level 2 of the Lair of Beasts.
             The game lasted 00:04:58 (9014 turns).

qw the Cleaver (Gargoyle Fighter)                   Turns: 9014, Time: 00:04:58

Health: 0/71       AC: 32    Str: 24    XL:     11   Next: 53%
Magic:  14/15      EV:  9    Int:  9    God:    Okawaru [****..]
Gold:   395        SH:  6    Dex:  9    Spells: 10/10 levels left

rFire   . . .        f - +0 morningstar (holy)
rCold   . . .        c - +0 buckler
rNeg    + . .        e - +3 plate armour
rPois   inf          k - +2 helmet
rElec   +            m - +0 cloak
rCorr   .            (no gloves)
SInv    .            (no boots)
Will    .....        w - amulet of the acrobat Stlth
                     (no ring)
HPRegen 0.31/turn    (no ring)
MPRegen 0.14/turn

%: acrobat
@: about to teleport, heroic
A: sickness immunity, AC +8, negative energy resistance 1, electricity
resistance, torment resistance 1, petrification resistance
a: Renounce Religion, Heroism, Finesse


You were on level 2 of the Lair of Beasts.
You worshipped Okawaru.
Okawaru was greatly pleased with you.
You visited 3 branches of the dungeon, and saw 11 of its levels.

You collected 630 gold pieces.
You spent 235 gold pieces at shops.


Innate Abilities, Weirdness & Mutations

You are immune to sickness and miasma.
Your stone body is resilient. (AC +8)
You are immune to poison.
You resist negative energy. (rN+)
You are resistant to electric shocks. (rElec)
You are resistant to unholy torment.
You are immune to petrification.


   Skills:
 - Level 9.0(14.0) Fighting
 - Level 12.0(17.0) Axes
 - Level 1.7(6.7) Throwing
 - Level 8.0(13.0) Armour
 - Level 1.3(6.3) Dodging
 + Level 5.1(10.1) Shields
 + Level 5.6 Invocations


You had 10 spell levels left.
You didn't know any spells.
Your spell library was empty.

Inventory:

Hand Weapons
 f - a +0 morningstar of holy wrath (weapon)
 j - a +4 spectral war axe
Missiles
 q - 3 boomerangs (quivered)
Armour
 c - a +0 buckler (worn)
 e - a +3 plate armour (worn)
 k - a +2 helmet (worn)
 m - a +0 cloak (worn)
Jewellery
 u - a ring of fire
 w - an amulet of the acrobat (around neck)
Wands
 o - a wand of digging (6)
Scrolls
 l - 2 scrolls of identify
 r - 4 scrolls of teleportation
Potions
 a - 2 potions of lignification
 b - a potion of curing
 d - 3 potions of might
 g - a potion of resistance
 h - a potion of magic
 i - 4 potions of attraction
 p - 2 potions of haste
 t - a potion of mutation {unknown}
 v - a potion of cancellation {unknown}

Dungeon Overview and Level Annotations

Branches:
Dungeon (8/15)             Temple (1/1) D:4            Lair (2/5) D:8
  Swamp: Lair:2-3    Shoals: Lair:2-3     Snake: Lair:2-3    Spider: Lair:2-3

Altars:
Ashenzari
Cheibriados
Dithmenos
Elyvilon
Fedhas
Gozag
Hepliaklqana
Kikubaaqudgha
Makhleb
Nemelex Xobeh
Okawaru
Qazlal
Trog
Uskayaw
Vehumet
Wu Jian
Xom
Yredelemnul
Zin
The Shining One

Shops:
D:1 !![   D:2 !   D:3 =:*   D:6 =?((

Annotations:
D:7 3 runed translucent doors, Nomoecau's ghost, novice GrCA


Message History

The six-headed hydra is moderately wounded.
The six-headed hydra bites you!
The six-headed hydra bites you but does no damage.
The six-headed hydra bites you!
You block the six-headed hydra's attack.
The six-headed hydra bites you but does no damage.
The six-headed hydra barely misses you.
You puncture the six-headed hydra!
The six-headed hydra is moderately wounded.
The six-headed hydra bites you but does no damage.
The six-headed hydra bites you! The six-headed hydra barely misses you.
The six-headed hydra bites you but does no damage.
The six-headed hydra barely misses you.
The six-headed hydra bites you but does no damage.
You barely miss the six-headed hydra.
The six-headed hydra is moderately wounded.
The six-headed hydra bites you!
The six-headed hydra bites you but does no damage. x2
You block the six-headed hydra's attack.
The six-headed hydra bites you but does no damage. x2
You puncture the six-headed hydra!
The six-headed hydra is heavily wounded.
The six-headed hydra bites you but does no damage.
You block the six-headed hydra's attack.
The six-headed hydra barely misses you. The six-headed hydra bites you.
The six-headed hydra closely misses you.
The six-headed hydra bites you.
You puncture the six-headed hydra!
The six-headed hydra is heavily wounded.
The six-headed hydra bites you but does no damage.
The six-headed hydra bites you.
The six-headed hydra bites you but does no damage.
You block the six-headed hydra's attack.
The six-headed hydra bites you! x2
9014 ||| READING 5 scrolls of teleportation.
As you read the scroll of teleportation, it crumbles to dust.
You feel strangely unstable.
The six-headed hydra bites you but does no damage. x2
The six-headed hydra bites you.
You die...

##...## ###
##.....####.######
#................#
##.....#######...#
#.#..>.# #######.###
###...## #.........#
##..## ##.#..^...#
#.#.%.# #.####.#.P..
#..@## ##.# .......
##D### #P.## ###.###
#PY#P###...#P#.....
##.......#..........
#...P#.#....#.P..##.
#..###..........
#..##)##..P..#..
######..........<....
#####..##.....#..#P.#P##.


You could see a six-headed hydra and a yak.

Vanquished Creatures
  2 black mambas
  Maurice (D:8)
  2 komodo dragons
  2 cane toads
  Maggie (D:8)
  A rime drake (D:8)
  A troll (D:8)
  2 wyverns
  5 yaks
  Grum (D:8)
  A steam dragon (D:6)
  6 water moccasins
  8 ice beasts
  2 orc warriors
  A sky beast (D:6)
  3 black bears
  2 ogres (D:6)
  2 centaurs (D:6)
  16 wolves
  8 bullfrogs
  5 gnoll sergeants
  2 scorpions
  An electric eel (D:8)
  4 gnoll boudas
  2 jellies
  7 hounds
  2 orc priests
  4 iguanas
  Ijyb (D:4)
  7 orc wizards
  Robin (D:3)
  42 gnolls
  5 adders
  A shadow imp (D:7)
  A white imp (D:7)
  A worm (D:3)
  4 dart slugs
  19 orcs
  3 ball pythons
  4 endoplasms
  4 giant cockroaches
  23 goblins
  20 hobgoblins
  9 jackals
  16 kobolds
  3 quokkas
  5 bats
  2 frilled lizards (D:1)
  4 rats
269 creatures vanquished.

Vanquished Creatures (others)
  A spectral weapon (Lair:1)
1 creature vanquished.

Grand Total: 270 creatures vanquished

Notes
Turn   | Place    | Note
-------+----------+-------------------------------------------
     0 | D:1      | qw the Gargoyle Fighter began the quest for the Orb.
     0 | D:1      | Reached XP level 1. HP: 14/14 MP: 1/1
     0 | D:1      | 0 ||| qw: Version: 0.2-a-98-g5d7165a
     0 | D:1      | 0 ||| qw: Game counter: 70
     0 | D:1      | 0 ||| qw: Always use a shield: true
     0 | D:1      | 0 ||| qw: God list: Okawaru
     0 | D:1      | 0 ||| qw: Allow faded altars: false
     0 | D:1      | 0 ||| qw: Do Orc after D:15 true
     0 | D:1      | 0 ||| qw: Do second Lair branch before Depths: true
     0 | D:1      | 0 ||| qw: Lair rune preference: random
     0 | D:1      | 0 ||| qw: Plans: Normal, Zot:1-4, God:TSO, Crypt, Tomb,
                  | Pan, Slime:5, Hells, Abyss, Win
     0 | D:1      | 0 ||| PLANNING D:1-11
    63 | D:1      | Reached skill level 2 in Axes
   126 | D:1      | Reached XP level 2. HP: 19/19 MP: 2/2
   145 | D:1      | Found Juowypli's Distillery.
   151 | D:1      | 151 ||| SHOPLISTING potion of attraction (33 gold, have 8).
   151 | D:1      | 151 ||| SHOPLISTING potion of curing (33 gold, have 8).
   151 | D:1      | 151 ||| SHOPLISTING potion of heal wounds (55 gold, have
                  | 8).
   151 | D:1      | 151 ||| SHOPLISTING potion of resistance (110 gold, have
                  | 8).
   196 | D:1      | Found Exunnur's Antique Armour Emporium.
   204 | D:1      | 204 ||| SHOPLISTING chain mail (112 gold, have 25).
   204 | D:1      | 204 ||| SHOPLISTING faintly glowing chain mail (237 gold,
                  | have 25).
   204 | D:1      | 204 ||| SHOPLISTING pair of embroidered gloves (187 gold,
                  | have 25).
   204 | D:1      | 204 ||| SHOPLISTING plate armour (575 gold, have 25).
   429 | D:1      | Reached skill level 3 in Axes
   441 | D:1      | Found Vixiury's Distillery.
   465 | D:1      | Reached XP level 3. HP: 23/23 MP: 3/3
   468 | D:1      | 468 ||| BUYING potion of attraction (30 gold).
   468 | D:1      | Bought a potion of attraction for 30 gold pieces
   468 | D:1      | 468 ||| SHOPLISTING potion of lignification (30 gold, have
                  | 9).
   468 | D:1      | 468 ||| SHOPLISTING potion of mutation (80 gold, have 9).
   485 | D:1      | 485 ||| READING scroll labelled SOUWNA QIKO.
   541 | D:2      | Found Utafim's Distillery.
   550 | D:2      | 550 ||| SHOPLISTING potion of cancellation (88 gold, have
                  | 23).
   550 | D:2      | 550 ||| SHOPLISTING potion of curing (33 gold, have 23).
   550 | D:2      | 550 ||| SHOPLISTING potion of heal wounds (55 gold, have
                  | 23).
   550 | D:2      | 550 ||| SHOPLISTING potion of lignification (33 gold, have
                  | 23).
   550 | D:2      | 550 ||| SHOPLISTING potion of mutation (88 gold, have 23).
   616 | D:2      | Found a faded altar of an unknown god.
   824 | D:2      | Found a shimmering altar of Xom.
  1189 | D:2      | Reached XP level 4. HP: 28/28 MP: 4/4
  1194 | D:2      | 1194 ||| Stepping ~*~*~tactically~*~*~ (water).
  1294 | D:2      | 1294 ||| DROPPING ring of magical power.
  1295 | D:2      | 1295 ||| READING scroll labelled YFAORU UROITAU.
  1299 | D:2      | 1299 ||| READING scroll labelled JIOJASHROIBB.
  1300 | D:2      | 1300 ||| READING scroll labelled NEYWIUCRUR.
  1301 | D:2      | 1301 ||| DRINKING 2 fizzy grey potions.
  1302 | D:2      | 1302 ||| DROPPING potion of brilliance.
  1330 | D:3      | Noticed a scorpion
  1337 | D:3      | Killed a scorpion
  1338 | D:3      | Reached skill level 4 in Axes
  1338 | D:3      | Found Vuskiso's General Store.
  1346 | D:3      | Reached XP level 5. HP: 29/32 MP: 5/5
  1362 | D:3      | 1362 ||| BUYING potion of lignification (36 gold).
  1362 | D:3      | Bought a potion of lignification for 36 gold pieces
  1404 | D:3      | 1404 ||| Stepping ~*~*~tactically~*~*~ (stealth).
  1412 | D:3      | 1412 ||| Stepping ~*~*~tactically~*~*~ (stealth).
  1413 | D:3      | 1413 ||| Stepping ~*~*~tactically~*~*~ (stealth).
  1419 | D:3      | Found an ancient bone altar of Kikubaaqudgha.
  1424 | D:3      | 1424 ||| Stepping ~*~*~tactically~*~*~ (hiding).
  1425 | D:3      | 1425 ||| Stepping ~*~*~tactically~*~*~ (hiding).
  1556 | D:3      | 1556 ||| READING scroll labelled NOLIELL QAFIHO.
  1557 | D:3      | 1557 ||| READING 3 scrolls labelled TOUNYU LOHYCOAS.
  1631 | D:3      | 1631 ||| Stepping ~*~*~tactically~*~*~ (stealth).
  1639 | D:3      | 1639 ||| Stepping ~*~*~tactically~*~*~ (stealth).
  1640 | D:3      | Noticed Robin
  1641 | D:3      | 1641 ||| Stepping ~*~*~tactically~*~*~ (hiding).
  1643 | D:3      | 1643 ||| Stepping ~*~*~tactically~*~*~ (hiding).
  1644 | D:3      | 1644 ||| Stepping ~*~*~tactically~*~*~ (hiding).
  1659 | D:3      | Killed Robin
  1669 | D:3      | Reached skill level 5 in Axes
  1808 | D:3      | Found Noosi's Book Shoppe.
  1880 | D:3      | 1880 ||| Stepping ~*~*~tactically~*~*~ (hiding).
  1886 | D:3      | 1886 ||| Stepping ~*~*~tactically~*~*~ (stealth).
  1893 | D:3      | 1893 ||| Stepping ~*~*~tactically~*~*~ (stealth).
  1896 | D:3      | 1896 ||| Stepping ~*~*~tactically~*~*~ (stealth).
  1904 | D:3      | 1904 ||| Stepping ~*~*~tactically~*~*~ (stealth).
  2067 | D:3      | Found Qeegul's Jewellery Shop.
  2075 | D:3      | 2075 ||| SHOPLISTING +6 ring of strength (396 gold, have
                  | 97).
  2075 | D:3      | 2075 ||| SHOPLISTING amulet of reflection (330 gold, have
                  | 97).
  2075 | D:3      | 2075 ||| SHOPLISTING amulet of the acrobat (330 gold, have
                  | 97).
  2075 | D:3      | 2075 ||| SHOPLISTING ring of resist corrosion (220 gold,
                  | have 97).
  2075 | D:3      | 2075 ||| UPGRADING to +0 helmet.
  2080 | D:3      | 2080 ||| READING 2 scrolls of enchant armour.
  2080 | D:3      | 2080 ||| ENCHANTING +0 helmet.
  2081 | D:3      | 2081 ||| READING scroll of enchant armour.
  2081 | D:3      | 2081 ||| ENCHANTING +1 helmet.
  2082 | D:3      | 2082 ||| READING scroll labelled YSAUPN BINOAGG.
  2083 | D:3      | 2083 ||| READING scroll labelled JANEID XAQA.
  2084 | D:3      | 2084 ||| DRINKING 2 blue potions.
  2196 | D:4      | 2196 ||| Stepping ~*~*~tactically~*~*~ (stealth).
  2309 | D:4      | Found a staircase to the Ecumenical Temple.
  2310 | D:4      | 2310 ||| PLANNING TEMPLE
  2316 | Temple   | Entered the Ecumenical Temple
  2341 | Temple   | 2341 ||| PLANNING OKAWARU WORSHIP
  2359 | Temple   | Became a worshipper of Warmaster Okawaru
  2359 | Temple   | 2359 ||| PLANNING D:1-11
  2382 | D:4      | Reached skill level 1 in Dodging
  2382 | D:4      | Reached XP level 6. HP: 33/38 MP: 6/6
  2517 | D:4      | 2517 ||| Stepping ~*~*~tactically~*~*~ (hiding).
  2524 | D:4      | 2524 ||| Stepping ~*~*~tactically~*~*~ (hiding).
  2576 | D:4      | 2576 ||| Stepping ~*~*~tactically~*~*~ (hiding).
  2636 | D:4      | 2636 ||| DROPPING +0 whip.
  2641 | D:4      | 2641 ||| Stepping ~*~*~tactically~*~*~ (stealth).
  2643 | D:4      | 2643 ||| Stepping ~*~*~tactically~*~*~ (stealth).
  2645 | D:4      | 2645 ||| Stepping ~*~*~tactically~*~*~ (stealth).
  2660 | D:4      | Reached * piety under Okawaru
  2684 | D:4      | Identified the +5 great sword "Loobu" {freeze, rN+ rCorr}
  2725 | D:4      | 2725 ||| Stepping ~*~*~tactically~*~*~ (stealth).
  2746 | D:4      | Reached skill level 6 in Axes
  2898 | D:4      | 2898 ||| Stepping ~*~*~tactically~*~*~ (stealth).
  3040 | D:4      | Noticed Ijyb
  3041 | D:4      | 3041 ||| Stepping ~*~*~tactically~*~*~ (hiding).
  3044 | D:4      | 3044 ||| Stepping ~*~*~tactically~*~*~ (hiding).
  3046 | D:4      | 3046 ||| INVOKING Heroism.
  3050 | D:4      | Killed Ijyb
  3051 | D:4      | Reached XP level 7. HP: 43/43 MP: 4/7
  3058 | D:4      | 3058 ||| Stepping ~*~*~tactically~*~*~ (stealth).
  3059 | D:4      | 3059 ||| Stepping ~*~*~tactically~*~*~ (stealth).
  3066 | D:4      | 3066 ||| Stepping ~*~*~tactically~*~*~ (stealth).
  3070 | D:4      | 3070 ||| Stepping ~*~*~tactically~*~*~ (stealth).
  3079 | D:4      | 3079 ||| Stepping ~*~*~tactically~*~*~ (stealth).
  3080 | D:4      | 3080 ||| Stepping ~*~*~tactically~*~*~ (stealth).
  3082 | D:4      | 3082 ||| Stepping ~*~*~tactically~*~*~ (stealth).
  3170 | D:4      | 3170 ||| UPGRADING to +0 plate armour.
  3180 | D:4      | 3180 ||| DROPPING +0 scale mail.
  3181 | D:4      | 3181 ||| DROPPING +0 chain mail.
  3182 | D:4      | 3182 ||| READING scroll of enchant armour.
  3182 | D:4      | 3182 ||| ENCHANTING +0 plate armour.
  3183 | D:4      | 3183 ||| UPGRADING to amulet of the acrobat.
  3188 | D:4      | 3188 ||| DROPPING +6 ring of intelligence.
  3189 | D:4      | 3189 ||| READING scroll labelled WUOTISH NOUM.
  3190 | D:4      | 3190 ||| DRINKING 2 red potions.
  3216 | D:5      | Entered Level 5 of the Dungeon
  3322 | D:5      | Reached skill level 1 in Invocations
  3388 | D:5      | Found a stormy altar of Qazlal.
  3388 | D:5      | Found a snail-covered altar of Cheibriados.
  3466 | D:5      | Found a basalt altar of Yredelemnul.
  3471 | D:5      | Found a bloodstained altar of Trog.
  3472 | D:5      | 3472 ||| INVOKING Heroism.
  3481 | D:5      | HP: 7/43 [gnoll/+0 spear[a gnoll bouda] (6)]
  3482 | D:5      | 3482 ||| READING scroll of teleportation.
  3483 | D:5      | 3483 ||| DRINKING potion of heal wounds.
  3484 | D:5      | 3484 ||| INVOKING Heroism.
  3581 | D:5      | Found a hazy altar of Hepliaklqana.
  3816 | D:5      | 3816 ||| INVOKING Heroism.
  3826 | D:5      | Reached skill level 3 in Invocations
  3826 | D:5      | Reached XP level 8. HP: 45/48 MP: 8/10
  3933 | D:5      | 3933 ||| INVOKING Heroism.
  3948 | D:5      | Reached skill level 7 in Axes
  4209 | D:5      | 4209 ||| DROPPING +2 helmet.
  4210 | D:5      | 4210 ||| READING scroll labelled LYTRU RUKH.
  4292 | D:6      | 4292 ||| PLANNING SEWER
  4311 | D:6      | Found Orghuali's Jewellery Emporium.
  4327 | D:6      | 4327 ||| SHOPLISTING ring of ice (325 gold, have 189).
  4327 | D:6      | 4327 ||| SHOPLISTING ring of resist corrosion (260 gold,
                  | have 189).
  4327 | D:6      | 4327 ||| SHOPLISTING ring of the Villain {*Slow rC+ rN+
                  | MP+9 Dex+2} (478 gold, have 189).
  4327 | D:6      | 4327 ||| SHOPLISTING ring of willpower (325 gold, have
                  | 189).
  4382 | D:6      | 4382 ||| DROPPING +0 flail.
  4393 | D:6      | Found Ypesi's Magic Scroll Boutique.
  4436 | D:6      | 4436 ||| BUYING scroll of identify (26 gold).
  4436 | D:6      | Bought a scroll of identify for 26 gold pieces
  4436 | D:6      | 4436 ||| BUYING scroll of identify (26 gold).
  4436 | D:6      | Bought a scroll of identify for 26 gold pieces
  4436 | D:6      | 4436 ||| BUYING scroll of teleportation (39 gold).
  4436 | D:6      | Bought a scroll of teleportation for 39 gold pieces
  4436 | D:6      | 4436 ||| BUYING scroll of teleportation (39 gold).
  4436 | D:6      | Bought a scroll of teleportation for 39 gold pieces
  4436 | D:6      | 4436 ||| BUYING scroll of teleportation (39 gold).
  4436 | D:6      | Bought a scroll of teleportation for 39 gold pieces
  4441 | D:6      | 4441 ||| READING scroll of enchant armour.
  4441 | D:6      | 4441 ||| ENCHANTING +1 plate armour.
  4452 | D:6      | Found Dyicw's Antique Weapon Shoppe.
  4456 | D:6      | Reached ** piety under Okawaru
  4470 | D:6      | 4470 ||| SHOPLISTING morningstar (112 gold, have 20).
  4475 | D:6      | 4475 ||| INVOKING Heroism.
  4495 | D:6      | 4495 ||| Stepping ~*~*~tactically~*~*~ (hiding).
  4530 | D:6      | Found a broken altar of Ashenzari.
  4533 | D:6      | Found Eniocram's Antique Weapon Shop.
  4541 | D:6      | 4541 ||| SHOPLISTING glowing flail (195 gold, have 20).
  4541 | D:6      | 4541 ||| SHOPLISTING runed war axe (195 gold, have 20).
  4603 | D:6      | 4603 ||| Stepping ~*~*~tactically~*~*~ (stealth).
  4604 | D:6      | 4604 ||| Stepping ~*~*~tactically~*~*~ (stealth).
  4609 | D:6      | 4609 ||| Stepping ~*~*~tactically~*~*~ (hiding).
  4618 | D:6      | 4618 ||| Stepping ~*~*~tactically~*~*~ (hiding).
  4623 | D:6      | 4623 ||| INVOKING Heroism.
  4630 | D:6      | Reached skill level 1 in Throwing
  4684 | D:6      | 4684 ||| Stepping ~*~*~tactically~*~*~ (hiding).
  4695 | D:6      | 4695 ||| Stepping ~*~*~tactically~*~*~ (hiding).
  4696 | D:6      | 4696 ||| Stepping ~*~*~tactically~*~*~ (hiding).
  4697 | D:6      | 4697 ||| Stepping ~*~*~tactically~*~*~ (hiding).
  4871 | D:6      | 4871 ||| Stepping ~*~*~tactically~*~*~ (hiding).
  4872 | D:6      | 4872 ||| Stepping ~*~*~tactically~*~*~ (hiding).
  4873 | D:6      | 4873 ||| Stepping ~*~*~tactically~*~*~ (hiding).
  4874 | D:6      | 4874 ||| Stepping ~*~*~tactically~*~*~ (hiding).
  4875 | D:6      | 4875 ||| Stepping ~*~*~tactically~*~*~ (hiding).
  4876 | D:6      | 4876 ||| Stepping ~*~*~tactically~*~*~ (hiding).
  4878 | D:6      | 4878 ||| Stepping ~*~*~tactically~*~*~ (hiding).
  4922 | D:6      | 4922 ||| Stepping ~*~*~tactically~*~*~ (hiding).
  4925 | D:6      | 4925 ||| INVOKING Heroism.
  4936 | D:6      | Reached skill level 8 in Axes
  4940 | D:6      | Reached XP level 9. HP: 31/54 MP: 10/12
  4942 | D:6      | 4942 ||| INVOKING Heroism.
  4983 | D:6      | 4983 ||| RIP SEWER
  5018 | D:6      | 5018 ||| PLANNING D:1-11
  5175 | D:6      | 5175 ||| INVOKING Heroism.
  5178 | D:6      | Reached skill level 6 in Fighting
  5200 | D:6      | 5200 ||| INVOKING Heroism.
  5209 | D:6      | 5209 ||| Stepping ~*~*~tactically~*~*~ (hiding).
  5210 | D:6      | 5210 ||| Stepping ~*~*~tactically~*~*~ (hiding).
  5211 | D:6      | 5211 ||| Stepping ~*~*~tactically~*~*~ (hiding).
  5223 | D:6      | 5223 ||| Stepping ~*~*~tactically~*~*~ (hiding).
  5224 | D:6      | 5224 ||| Stepping ~*~*~tactically~*~*~ (hiding).
  5235 | D:6      | 5235 ||| READING 4 scrolls of identify.
  5235 | D:6      | 5235 ||| IDENTIFYING viscous purple potion
  5236 | D:6      | 5236 ||| READING 3 scrolls of identify.
  5236 | D:6      | 5236 ||| IDENTIFYING fizzy emerald potion
  5237 | D:6      | 5237 ||| READING 2 scrolls of identify.
  5237 | D:6      | 5237 ||| IDENTIFYING green potion
  5238 | D:6      | 5238 ||| DROPPING potion of invisibility.
  5239 | D:6      | 5239 ||| DROPPING potion of ambrosia.
  5242 | D:6      | 5242 ||| INVOKING Heroism.
  5392 | D:6      | 5392 ||| INVOKING Heroism.
  5405 | D:6      | Reached skill level 9 in Axes
  5417 | D:6      | 5417 ||| Stepping ~*~*~tactically~*~*~ (hiding).
  5418 | D:6      | 5418 ||| INVOKING Heroism.
  5585 | D:6      | 5585 ||| INVOKING Heroism.
  5820 | D:6      | 5820 ||| READING 2 scrolls labelled BAAFFOVOATO.
  5821 | D:6      | 5821 ||| READING scroll of enchant weapon.
  5821 | D:6      | 5821 ||| ENCHANTING +0 spectral war axe.
  5893 | D:7      | 5893 ||| INVOKING Heroism.
  5913 | D:7      | Found a flagged portal.
  5921 | D:7      | 5921 ||| READING scroll of enchant weapon.
  5921 | D:7      | 5921 ||| ENCHANTING +1 spectral war axe.
  5956 | D:7      | 5956 ||| Stepping ~*~*~tactically~*~*~ (hiding).
  6008 | D:7      | Noticed Nomoecau's ghost (novice GrCA)
  6030 | D:7      | Found a runed translucent gate.
  6030 | D:7      | Found a runed translucent gate.
  6030 | D:7      | Found a runed translucent gate.
  6250 | D:7      | Reached skill level 6 in Armour
  6433 | D:7      | 6433 ||| DROPPING ring of flight.
  6434 | D:7      | 6434 ||| READING scroll labelled PURORA OQAAL.
  6435 | D:7      | 6435 ||| READING 3 scrolls of identify.
  6435 | D:7      | 6435 ||| IDENTIFYING fizzy yellow potion
  6436 | D:7      | 6436 ||| READING 2 scrolls of identify.
  6436 | D:7      | 6436 ||| IDENTIFYING fizzy silvery potion
  6480 | D:8      | Noticed a rime drake
  6483 | D:8      | Reached XP level 10. HP: 63/63 MP: 13/13
  6485 | D:8      | 6485 ||| STAIRDANCE
  6599 | D:8      | 6599 ||| STAIRDANCE
  6734 | D:8      | 6734 ||| STAIRDANCE
  6854 | D:8      | Reached skill level 10 in Axes
  6860 | D:8      | 6860 ||| READING scroll of enchant weapon.
  6860 | D:8      | 6860 ||| ENCHANTING +2 spectral war axe.
  6873 | D:8      | 6873 ||| DROPPING +1 whip of venom.
  6876 | D:8      | 6876 ||| READING scroll of enchant weapon.
  6876 | D:8      | 6876 ||| ENCHANTING +3 spectral war axe.
  6883 | D:8      | Noticed Grum
  6883 | D:8      | 6883 ||| INVOKING Heroism.
  6891 | D:8      | Noticed Maurice
  6898 | D:8      | Killed Grum
  6907 | D:8      | HP: 15/64 [something (4)]
  6908 | D:8      | 6908 ||| Stepping ~*~*~tactically~*~*~ (hiding).
  6909 | D:8      | 6909 ||| DRINKING potion of heal wounds.
  6915 | D:8      | 6915 ||| Stepping randomly (disturbance).
  6919 | D:8      | 6919 ||| INVOKING Heroism.
  6923 | D:8      | 6923 ||| STAIRDANCE
  7137 | D:8      | Killed Maurice
  7184 | D:8      | Found a staircase to the Lair.
  7217 | D:8      | Reached *** piety under Okawaru
  7238 | D:8      | 7238 ||| Stepping ~*~*~tactically~*~*~ (stealth).
  7243 | D:8      | 7243 ||| INVOKING Heroism.
  7254 | D:8      | 7254 ||| DRINKING 2 potions of curing.
  7254 | D:8      | 7254 ||| (to cure confusion)
  7255 | D:8      | 7255 ||| DRINKING potion of curing.
  7255 | D:8      | 7255 ||| (to cure confusion)
  7335 | D:8      | 7335 ||| READING scroll of enchant armour.
  7335 | D:8      | 7335 ||| ENCHANTING +2 plate armour.
  7425 | D:8      | Noticed Maggie
  7426 | D:8      | 7426 ||| Stepping ~*~*~tactically~*~*~ (hiding).
  7427 | D:8      | 7427 ||| Stepping ~*~*~tactically~*~*~ (hiding).
  7428 | D:8      | 7428 ||| INVOKING Heroism.
  7434 | D:8      | Reached skill level 11 in Axes
  7434 | D:8      | Killed Maggie
  7447 | D:8      | 7447 ||| DROPPING +2 flail of venom.
  7626 | D:8      | 7626 ||| PLANNING LAIR
  7626 | D:8      | 7626 ||| UPGRADING to +0 cloak.
  7670 | Lair:1   | Entered Level 1 of the Lair of Beasts
  7919 | Lair:1   | Noticed a cane toad
  7920 | Lair:1   | 7920 ||| INVOKING Heroism.
  7926 | Lair:1   | Killed a cane toad
  7993 | Lair:1   | Reached skill level 9 in Fighting
  7993 | Lair:1   | Reached XP level 11. HP: 58/71 MP: 14/14
  7997 | Lair:1   | 7997 ||| INVOKING Heroism.
  8010 | Lair:1   | Reached **** piety under Okawaru
  8402 | Lair:1   | 8402 ||| INVOKING Heroism.
  8596 | Lair:1   | 8596 ||| Stepping ~*~*~tactically~*~*~ (stealth).
  8693 | Lair:1   | 8693 ||| READING scroll labelled EXEHUPH OVARAY.
  8694 | Lair:1   | 8694 ||| READING 3 scrolls of identify.
  8694 | Lair:1   | 8694 ||| IDENTIFYING golden potion
  8695 | Lair:1   | 8695 ||| READING 2 scrolls of identify.
  8695 | Lair:1   | 8695 ||| IDENTIFYING metallic orange potion
  8696 | Lair:1   | 8696 ||| DROPPING potion of flight.
  8697 | Lair:1   | 8697 ||| DROPPING potion of degeneration.
  8737 | Lair:2   | Noticed a five-headed hydra
  8738 | Lair:2   | 8738 ||| INVOKING Heroism.
  8740 | Lair:2   | 8740 ||| Stepping ~*~*~tactically~*~*~ (stealth).
  8745 | Lair:2   | 8745 ||| SWAPPING to +0 morningstar of holy wrath.
  8752 | Lair:2   | HP: 15/71 [six-headed hydra (11)]
  8753 | Lair:2   | 8753 ||| READING 6 scrolls of teleportation.
  8753 | Lair:2   | HP: 7/71 [six-headed hydra (8)]
  8754 | Lair:2   | 8754 ||| DRINKING potion of heal wounds.
  8757 | Lair:2   | 8757 ||| SWAPPING to +4 spectral war axe.
  8899 | Lair:2   | 8899 ||| INVOKING Heroism.
  8998 | Lair:2   | Reached skill level 12 in Axes
  9000 | Lair:2   | 9000 ||| INVOKING Heroism.
  9007 | Lair:2   | 9007 ||| SWAPPING to +0 morningstar of holy wrath.
  9013 | Lair:2   | HP: 11/71 [six-headed hydra (11)]
  9013 | Lair:2   | HP: 4/71 [six-headed hydra (7)]
  9014 | Lair:2   | 9014 ||| READING 5 scrolls of teleportation.
  9014 | Lair:2   | Slain by a six-headed hydra

Levels and vault maps discovered:
D:1:      evilmike_arrival_plus, layout_rooms, serial_shops, shop_statue,
          nicolae_shop_industrial_runoff, shop
D:2:      wad_lake_hut, layout_basic, serial_shops, shop,
          shapermc_ecumenical_altar_pompeii, basic_altar,
          kennysheep_generic_room_10
D:3:      layout_rooms, amcnicky_altar_gilded, serial_shops,
          nicolae_shop_advertising_works [nicolae_subvault_shop_adworks],
          nicolae_shop_tiny_statue_garden, shop, minmay_fractal_squares_5,
          uniq_robin
D:4:      minmay_octagon_keep, layout_loops_cross,
          minmay_temple_entry_mini_moons, nicolae_goblin_pals
D:5:      layout_loops_corners, mainiacjoe_overflow_boulevard,
          grunt_temple_overflow_open, gammafunk_temple_overflow_wave
D:6:      kennysheep_housing_project, layout_cave_pools,
          nicolae_ashenzari_skybound, serial_gnoll_camp, gnoll_camp_mini_shop,
          gnoll_camp_medium_01, gnoll_camp_mini_shop, gnoll_camp_medium_02,
          serial_shops, shop, shop, portal_sewer_entry_b
D:7:      layout_gridville, enter_bailey_2, gammafunk_ghost_icy
D:8:      layout_cave_pools, hellmonk_lair_entry_icy, fungi_pond_lemuel,
          uniq_maggie, uniq_grum, uniq_maurice
Temple:   nicolae_temple_god_jail
Lair:1:   layout_concentric_octagons, minivault_27, lemuel_fruit_fields,
          grunt_megastairs_3
Lair:2:   layout_loops_ring, spider_nest_entry_web_field, st_stairs_9,
          nicolae_lair_grove_arrangements

Skill      XL: |  1  2  3  4  5  6  7  8  9 10 11 |
---------------+----------------------------------+-----
Axes           | 2 3 4 5 6 8 9 11 12 | 12.0
Fighting       | 4 5 7 9 |  9.0
Dodging        | 1 |  1.3
Armour         | 4 6 7 8 |  8.0
Invocations    | 3 4 5 |  5.6
Throwing       | 1 |  1.7
Shields        | 4 5 |  5.1

Action                     |  1- 3 |  4- 6 |  7- 9 | 10-12 || total
---------------------------+-------+-------+-------+-------++-------
  Melee: War axe           |    77 |   134 |   243 |   130 ||   584
         Morningstar       |       |       |       |    15 ||    15
  Throw: Boomerang         |       |       |    29 |    46 ||    75
 Invoke: Heroism           |       |     1 |    15 |    10 ||    26
    Use: Scroll            |     1 |     9 |    14 |     8 ||    32
         Potion            |       |     2 |     2 |     4 ||     8
   Stab: Distracted        |       |       |       |     1 ||     1
 Armour: Scale mail        |    44 |    50 |     1 |       ||    95
         Plate armour      |       |       |   150 |   117 ||   267
  Dodge: Dodged            |    34 |    35 |   102 |    79 ||   250
  Block: Buckler           |     8 |    21 |    38 |    43 ||   110

Table legend:
 A = Non-vault XP
 B = Vault XP
 C = Vault XP percentage of total XP
 D = Non-vault monster count
 E = Vault monster count
 F = Vault count percentage of total count
                 A         B        C        D         E       F
            +---------+---------+-------+---------+---------+-------
      Total |    9143 |    4999 |  35.3 |     154 |     115 |  42.8
            +---------+---------+-------+---------+---------+-------
        D:1 |      34 |       0 |   0.0 |      18 |       0 |   0.0
        D:2 |      52 |       0 |   0.0 |      16 |       0 |   0.0
        D:3 |      97 |      63 |  39.4 |      12 |      18 |  60.0
        D:4 |     226 |     190 |  45.7 |      24 |      18 |  42.9
        D:5 |     749 |       0 |   0.0 |      19 |       0 |   0.0
        D:6 |     645 |    1652 |  71.9 |       8 |      61 |  88.4
        D:7 |     839 |     264 |  23.9 |      12 |       2 |  14.3
        D:8 |    1000 |    2581 |  72.1 |      16 |      14 |  46.7
     Lair:1 |    3545 |      96 |   2.6 |      21 |       1 |   4.5
     Lair:2 |    1956 |     153 |   7.3 |       8 |       1 |  11.1
            +---------+---------+-------+---------+---------+-------
